 Dungeon Crawl Stone Soup version 0.22.1-2-g9c5b331 (webtiles) character file.

108 Matador8 the Poker (level 4, -1/33 HPs)
             Began as a Merfolk Skald on Dec 17, 2018.
             Killed by divine providence
             ... invoked by an orc priest
              (12 damage)
             ... on level 2 of the Dungeon.
             The game lasted 00:18:31 (1942 turns).

Matador8 the Poker (Merfolk Skald)                  Turns: 1942, Time: 00:18:32

Health: -1/33      AC:  8    Str: 12    XL:     4   Next: 87%
Magic:  7/7        EV: 12    Int: 12    God:
Gold:   38         SH:  0    Dex: 13    Spells: 1/7 levels left

rFire    . . .     SeeInvis .   a - +0 spear
rCold    . . .     Gourm    .   (no shield)
rNeg     . . .     Faith    .   u - +0 leather armour
rPois    .         Spirit   .   (no helmet)
rElec    .         Reflect  .   q - +0 cloak
rCorr    .         Harm     .   f - +2 pair of gloves
MR       .....                  i - +0 pair of boots
Stlth    +.........             (no amulet)
HPRegen  0.11/turn              (no ring)
MPRegen  0.10/turn              (no ring)

@: no status effects
A: change form in water, swift swim, stealthy swim
a: no special abilities


You were on level 2 of the Dungeon.
You were not hungry.

You visited 1 branch of the dungeon, and saw 2 of its levels.

You collected 38 gold pieces.

Inventory:

Hand Weapons
 a - a +0 spear (weapon)
 b - a +4 hunting sling
Missiles
 v - 23 stones (quivered)
Armour
 f - a +2 pair of gloves (worn)
 i - a +0 pair of boots (worn)
 q - a +0 cloak (worn)
 s - a +0 ring mail
 u - a +0 leather armour (worn)
Jewellery
 r - a +3 ring of evasion {unknown}
Scrolls
 c - 2 scrolls of teleportation {unknown}
 e - 5 scrolls of identify {unknown}
 g - 3 scrolls of magic mapping {unknown}
 j - 2 scrolls of amnesia {unknown}
 l - 3 scrolls of remove curse {unknown}
 p - a scroll of enchant armour {unknown}
Potions
 k - 2 potions of curing {unknown}
 m - a potion of might {unknown}
 n - a potion of invisibility {unknown}
 o - 2 potions of flight {unknown}
 t - a potion of heal wounds {unknown}
Comestibles
 d - 5 rations
 h - 3 chunks of flesh


   Skills:
 - Level 2.1 Fighting
 * Level 5.8 Polearms
 - Level 0.6 Armour
 - Level 2.6 Dodging
 - Level 2.3 Spellcasting
 + Level 4.2 Charms


You had one spell level left.
You knew the following spells:

 Your Spells              Type           Power        Failure   Level  Hunger
a - Infusion              Chrm           ##..         6%          1    ##.....
b - Shroud of Golubria    Chrm/Tloc      #.........   22%         2    ###....
c - Spectral Weapon       Hex/Chrm       #.......     38%         3    ####...

Your spell library contained the following spells:

 Spells                   Type           Power        Failure   Level  Hunger
 Song of Slaying          Chrm           ##......     9%          2    ###....
 Regeneration             Chrm/Necr      #.........   38%         3    ####...


Dungeon Overview and Level Annotations

Branches:
Dungeon (2/15)

Altars:
Ashenzari


Message History

Your spectral weapon shares its damage with you!
Attack whom?
Press: ? - help, Dir - move target cursor, f/p - orc priest
Aim: an orc priest, wielding a mace and wearing a leather armour You could not reach far enough!
Attack whom?
Press: ? - help, Dir - move target cursor, f/p - orc priest
Aim: an orc priest, wielding a mace and wearing a leather armour You reach to attack!
You hit the orc priest.
The orc priest is lightly wounded.
Your spectral weapon hits the orc priest.
The orc priest invokes the aid of Beogh against you.
Beogh smites you!
* * * LOW HITPOINT WARNING * * *
The orc priest hits your spectral weapon but does no damage.
Your spectral weapon fades away.
The orc priest looks satisfied for a moment.
The orc priest mumbles some strange prayers to Beogh against you.
Beogh smites you!
You die...

.......#....# ......##.##.#
......#.....# .._...'...#.#
......#...#.# ).....#.###)####
### .......#....)..###.##
.#+##.⌠#..o.##.##.#.##########
#...####.##.....@###.........#
# ..#....#.#....## ##.######.#
# .#...#......## ##<#####.#
#####o##.###.##.## ##......#.#
o.....#### #.###.###.#####>#.#
###.### #.####.#..#####.#.##
#.# #............##[...# #.#
#######.#.##..#....### #.#
#.#.##.#.......#


You could see an orc priest.

Vanquished Creatures
  3 gnolls (D:2)
  An adder (D:2)
  An ooze (D:2)
  A worm (D:2)
  2 leopard geckos
  5 giant cockroaches
  8 goblins
  6 hobgoblins
  3 jackals (D:2)
  9 bats
  4 frilled lizards
  8 kobolds
  8 rats
59 creatures vanquished.

Notes
Turn   | Place    | Note
-------+----------+-------------------------------------------
     0 | D:1      | Matador8 the Merfolk Skald began the quest for the Orb.
     0 | D:1      | Reached XP level 1. HP: 16/16 MP: 3/3
   332 | D:1      | Reached XP level 2. HP: 19/22 MP: 5/5
   497 | D:1      | Reached skill level 4 in Polearms
   655 | D:1      | Reached XP level 3. HP: 26/27 MP: 6/6
   842 | D:1      | Learned a level 2 spell: Shroud of Golubria
  1194 | D:2      | Found a shattered altar of Ashenzari.
  1236 | D:2      | Reached skill level 5 in Polearms
  1241 | D:2      | Reached XP level 4. HP: 24/33 MP: 0/7
  1611 | D:2      | Learned a level 3 spell: Spectral Weapon
  1942 | D:2      | Killed from afar by an orc priest

Skill      XL: |  1  2  3  4 |
---------------+-------------+-----
Polearms       | 4 5 |  5.8
Charms         | 4 |  4.2
Fighting       | |  2.1
Armour         | |  0.6
Dodging        | |  2.6
Spellcasting   | |  2.3

Action                   |  1- 3 |  4- 6 || total
-------------------------+-------+-------++-------
Melee: Spear             |   157 |    68 ||   225
 Fire: Hunting sling     |       |     2 ||     2
 Cast: Infusion          |    10 |     3 ||    13
       Spectral Weapon   |       |     1 ||     1
 Stab: Sleeping          |     1 |       ||     1
  Eat: Chunk             |     1 |     3 ||     4
Armor: Leather armour    |    46 |    13 ||    59
Dodge: Dodged            |    98 |    25 ||   123
